 Dungeon Crawl Stone Soup version 0.26.0-18-gc5c842f807 (webtiles) character file.

Game seed: 12691749058018039561

18 thiole the Magician (level 2, 0/17 HPs)
             Began as an Octopode Hedge Wizard on Jan 24, 2021.
             Slain by a jackal (3 damage)
             ... on level 1 of the Dungeon.
             The game lasted 00:00:50 (541 turns).

thiole the Magician (Octopode Hedge Wizard)          Turns: 541, Time: 00:00:50

Health: 0/17       AC:  1    Str:  9    XL:     2   Next: 66%
Magic:  0/6        EV: 13    Int: 16    God:
Gold:   13         SH:  0    Dex: 11    Spells: 6/7 levels left

rFire    . . .     SeeInvis .   a - +0 dagger
rCold    . . .     Faith    .   (no shield)
rNeg     . . .     Spirit   .   b - +0 hat
rPois    .         Reflect  .   (no amulet)
rElec    .         Harm     .   (no ring)
rCorr    .         Rampage  .   (no ring)
Will     .....                  (no ring)
Stlth    +++.......             (no ring)
HPRegen  0.05/turn              (no ring)
MPRegen  0.10/turn              (no ring)
                                (no ring)
                                (no ring)

@: no status effects
A: almost no armour, stealthy swim, amphibious, 8 rings, constrict 8, camouflage
1, gelatinous body 1
a: no special abilities


You were on level 1 of the Dungeon.
You visited 1 branch of the dungeon, and saw 1 of its levels.

You collected 13 gold pieces.

Inventory:

Hand Weapons
 a - a +0 dagger (weapon)
Armour
 b - a +0 hat (worn)
Scrolls
 c - a scroll of identify {unknown}


   Skills:
 - Level 2.0 Dodging
 + Level 3.1 Stealth
 + Level 3.1 Spellcasting
 * Level 1.5 Conjurations
 * Level 1.6 Summonings
 - Level 1.0 Translocations


You had 6 spell levels left.
You knew the following spells:

 Your Spells              Type           Power        Failure   Level
a - Magic Dart            Conj           28%          10%         1

Your spell library contained the following spells:

 Spells                   Type           Power        Failure   Level
 Call Imp                 Summ           7%           14%         2
 Blink                    Tloc           N/A          19%         2
 Slow                     Hex            2%           28%         2
 Conjure Flame            Conj/Fire      4%           38%         3
 Mephitic Cloud           Conj/Pois/Air  4%           41%         3


Dungeon Overview and Level Annotations

Branches:
Dungeon (1/15)

Altars:


Innate Abilities, Weirdness & Mutations

You cannot wear most types of armour.
You are very stealthy in the water. (Stealth+)
You are amphibious.
You can wear up to eight rings at the same time.
You can use your tentacles to constrict eight enemies at once.
Your skin changes colour to match your surroundings (Stealth+).
Your rubbery body absorbs attacks. (AC +1, EV +1)


Message History

* * * LOW HITPOINT WARNING * * *
The jackal escapes!
The jackal closely misses you.
Your magical contamination has completely faded away.
You hit the jackal.
You kill the jackal!
The jackal bites you.
* * * LOW HITPOINT WARNING * * *
The kobold hits you but does no damage.
Casting: Magic Dart (safe; 10% risk of failure)
Confirm with . or Enter, or press ? or * to list all spells.
Okay, then.
Casting: Magic Dart (safe; 10% risk of failure)
Confirm with . or Enter, or press ? or * to list all spells.
Aiming: Magic Dart (safe; 10% risk of failure)
Press: ? - help, Shift-Dir - straight line, f - jackal
Aim: a jackal (0% to evade)
The magic dart hits the jackal but does no damage.
The jackal bites you.
You die...

.# .# ...). . .#.#
...... #. #..
###...... #.
##.####........ #.
##..........#..
#.#.##...#...........
...#.†...#.†.........
#...#†#.hK######...#
###...).h@# #...#
...........# #.⌠..
####.......# #....
#.......# ##..#
#.......#
+...########
###....## #..##.....#
##..#.## #...'..<..#
###########......#
#..##.....#
...†......#.##..÷#
#..########


You could see 2 jackals and a kobold.

Vanquished Creatures
  A dart slug (D:1)
  2 giant cockroaches (D:1)
  A hobgoblin (D:1)
  6 jackals (D:1)
  2 bats (D:1)
  2 kobolds (D:1)
14 creatures vanquished.

Notes
Turn   | Place    | Note
-------+----------+-------------------------------------------
     0 | D:1      | thiole the Octopode Hedge Wizard began the quest for the
                  | Orb.
     0 | D:1      | Reached XP level 1. HP: 11/11 MP: 4/4
   327 | D:1      | Reached XP level 2. HP: 13/17 MP: 0/6
   541 | D:1      | Slain by a jackal

Illustrated notes

Levels and vault maps discovered:
D:1:      dpeg_arrival_rooms_a, layout_rooms, st_stairs_14, dk_noncrumbling_3,
          grunt_decor_mini_mirrors

Skill      XL: |  1  2 |
---------------+-------+-----
Stealth        | 3 |  3.1
Dodging        | |  2.0
Spellcasting   | |  3.1
Conjurations   | |  1.5
Summonings     | |  1.6
Translocations | |  1.0

Action                   || total
-------------------------++-------
Melee: Dagger            ||    26
       Constrict         ||     9
       Tentacles         ||     5
 Cast: Magic Dart        ||    23
Armor: Skin              ||     2
Dodge: Dodged            ||    18
